 Dungeon Crawl Stone Soup version 0.30-a0-339-g89bb51ec76 (webtiles) character file.

Game seed: 13408955072933861804

72 Lobster4 the Firebug (level 4, -6/35 HPs)
             Began as a Human Cinder Acolyte on Oct 31, 2022.
             Was a High Priest of Ignis.
             Killed by nerve-wracking pain
             ... invoked by Grinder
              (14 damage)
             ... on level 3 of the Dungeon.
             The game lasted 00:06:42 (2104 turns).

Lobster4 the Firebug (Human Cinder Acolyte)         Turns: 2104, Time: 00:06:43

Health: -6/35      AC:  3    Str: 17    XL:     4   Next: 50%
Magic:  6/6        EV: 11    Int: 14    God:    Ignis [*****.]
Gold:   107        SH:  0    Dex:  8    Spells: 6/6 levels left

rFire   + . .      SeeInvis .    a - -1 falchion (flame)
rCold   . . .      Faith    .    (no shield)
rNeg    . . .      Spirit   .    r - +1 robe
rPois   .          Reflect  .    (no helmet)
rElec   .          Harm     .    (no cloak)
rCorr   .          Rampage  .    (no gloves)
Will    .....                    (no boots)
Stlth   +.........               (no amulet)
HPRegen 0.25/turn                (no ring)
MPRegen 0.10/turn                (no ring)

@: on berserk cooldown, slowed, very slow
A: no striking features
a: Renounce Religion, Fiery Armour, Foxfire Swarm, Rising Flame


You were on level 3 of the Dungeon.
You worshipped Ignis.
Ignis was extremely pleased with you.
You visited 1 branch of the dungeon, and saw 3 of its levels.

You collected 107 gold pieces.

Inventory:

Hand Weapons
 a - a -1 falchion of flaming (weapon)
 b - a +0 sling
Missiles
 c - 19 stones (quivered)
 h - 4 poisoned darts
Armour
 n - a +0 ring mail
 r - a +1 robe (worn)
Scrolls
 d - 2 scrolls of fear {unknown}
 i - a scroll of poison {unknown}
 j - a scroll of noise {unknown}
 k - 2 scrolls of enchant armour
 l - a scroll of immolation {unknown}
 m - a scroll of blinking {unknown}
 p - a scroll of magic mapping {unknown}
 s - a scroll of amnesia {unknown}
Potions
 e - a potion of lignification
 f - 3 potions of heal wounds {unknown}
 g - a potion of brilliance
 o - a potion of flight
 q - a potion of berserk rage


   Skills:
 + Level 3.5 Fighting
 + Level 3.5 Long Blades
 + Level 0.4 Armour
 + Level 1.9 Spellcasting
 + Level 3.5 Fire Magic


You had 6 spell levels left.
You didn't know any spells.
Your spell library contained the following spells:

 Spells                   Type           Power      Damage    Failure   Level
 Scorch                   Fire           22%        2d6       9%          2
 Ensorcelled Hibernation  Hex/Ice        2%         N/A       36%         2
 Spider Form              Tmut/Pois      1%         N/A       58%         3
 Anguish                  Hex/Necr       0%         N/A       94%         4


Dungeon Overview and Level Annotations

Branches:
Dungeon (3/15)

Altars:

Shops:
D:1 :

Annotations:
D:3 Grinder


Message History

You closely miss the goblin. The goblin closely misses you.
You closely miss the goblin.
Grinder comes into view.
She is carrying a wand of flame (16).
The goblin hits you with a +0 club.
You hit the goblin. You burn the goblin.
You kill the goblin!
Things that are here:
a +0 club; 9 gold pieces Grinder gestures at you.
Pain shoots through your body!
Okay, then.
Okay, then.
Grinder gestures at you. Pain shoots through your body!
Okay, then.
A red film seems to cover your vision as you go berserk!
You feel yourself moving faster!
You feel mighty! Grinder gestures at you. Pain shoots through your body!
* * * LOW HITPOINT WARNING * * *
You feel a strong urge to attack something.
Grinder zaps a wand.
The puff of flame hits you. You resist.
* * * LOW HITPOINT WARNING * * *
You slash Grinder! You burn Grinder.
Grinder is moderately wounded.
You barely miss Grinder.
Grinder is moderately wounded.
Grinder blinks!
Grinder blinks!
You feel a strong urge to attack something.
You are no longer berserk.
You are exhausted.
You feel yourself slow down.
As you read the scroll labelled IGARRAZEOV, it crumbles to dust.
It is a scroll of enchant armour.
Your +0 robe glows green for a moment.
Grinder says, "There's only one good use for a tongue: cutting it out."
Grinder gestures at you. Pain shoots through your body!
You die...

..... .# .... .# ...####.#
........ ..###..#..# #
........# .# #..§.# #.#
#....### #>.# ###@...# ...
#.#.)###.# ###.#......#
#.###...#..(.#####..#
#.............†.....#
###..#.5.#..##...... #
##.##.#.#....#...## .. #.
#.(#..#.....$.#..#
..##.####.#..###...#...#...


You could see Grinder.

Vanquished Creatures
  A gnoll (D:2)
  3 worms
  5 ball pythons
  4 bats
  3 endoplasms
  3 giant cockroaches
  7 goblins
  8 hobgoblins
  2 quokkas (D:1)
  3 frilled lizards
  4 kobolds
  5 rats
48 creatures vanquished.

Notes
Turn   | Place    | Note
-------+----------+-------------------------------------------
     0 | D:1      | Lobster4 the Human Cinder Acolyte began the quest for the
                  | Orb.
     0 | D:1      | Reached XP level 1. HP: 18/18 MP: 2/2
   126 | D:1      | Reached XP level 2. HP: 24/24 MP: 3/3
   289 | D:1      | Found a faded altar of an unknown god.
   428 | D:1      | Found Dyonebugh's Book Shop.
   486 | D:1      | Reached XP level 3. HP: 29/29 MP: 5/5
  1288 | D:2      | Reached XP level 4. HP: 35/35 MP: 6/6
  2091 | D:3      | Noticed Grinder
  2104 | D:3      | Killed from afar by Grinder

Illustrated notes

Levels and vault maps discovered:
D:1:      erik_arrival_cave_to_civilisation [erik_arrival_cave_to_hall],
          layout_basic, basic_ecumenical_altar, serial_shops,
          nicolae_shop_temple_entry_statues_fountains, roderic_serpentine_path,
          chequers_serial_rivers_micro_b
D:2:      layout_loops_ring, minmay_fractal_squares_5
D:3:      layout_rooms, roderic_batcave, grunt_ministairs_6, minivault_26,
          uniq_jessica, uniq_grinder

Action                   |  1- 3 |  4- 6 || total
-------------------------+-------+-------++-------
Melee: Falchion          |   108 |    60 ||   168
       Punch             |       |     2 ||     2
Throw: Stone             |     1 |     4 ||     5
Invok: Fiery Armour      |     1 |       ||     1
  Use: Scroll            |       |     5 ||     5
       Potion            |       |     1 ||     1
Armor: Robe              |    23 |     6 ||    29
Dodge: Dodged            |    71 |    26 ||    97

Table legend: (Time is in decaauts)
 A = Elapsed time spent in this place.
 B = Non-inter-level travel time spent in this place.
 C = Inter-level travel time spent in this place.
 D = Time resting spent in this place.
 E = Time spent auto-exploring this place.
 F = Levels seen in this place.
 G = Mean time per level.
                   A        B        C        D        E       F      G
               +--------+--------+--------+--------+--------+-----+--------+
         Total |   2124 |   2060 |     64 |    205 |   1445 |   3 |  708.0 |
       Dungeon |   2124 |   2060 |     64 |    205 |   1445 |   3 |  708.0 |
               +--------+--------+--------+--------+--------+-----+--------+

Top non-repeatable levels by time:
     D:2: 1043 daAuts
     D:1: 889 daAuts
     D:3: 191 daAuts
